 Dungeon Crawl Stone Soup version 0.28.0-53-g5a82cb258f (webtiles) character file.

Game seed: 10452055360027426262

56 Zeld the Ogre Mage (level 3, -2/31 HPs)
             Began as an Ogre Fire Elementalist on June 6, 2022.
             Killed by divine providence
             ... invoked by an orc priest
              (8 damage)
             ... on level 3 of the Dungeon.
             The game lasted 00:01:22 (1200 turns).

Zeld the Ogre Mage (Ogre Fire Elementalist)         Turns: 1200, Time: 00:01:23

Health: -2/31      AC:  3    Str: 12    XL:     3   Next: 95%
Magic:  4/7        EV:  9    Int: 18    God:
Gold:   31         SH:  0    Dex:  9    Spells: 2/8 levels left

rFire   + . .      SeeInvis .   a - +2 dagger (venom)
rCold   . . .      Faith    .   (no shield)
rNeg    . . .      Spirit   .   c - +0 robe
rPois   .          Reflect  .   (helmet restricted)
rElec   .          Harm     .   (no cloak)
rCorr   .          Rampage  .   (gloves unavailable)
Will    .....                   (boots unavailable)
Stlth   +.........              (no amulet)
HPRegen 0.10/turn               f - ring of protection from fire
MPRegen 0.10/turn               (no ring)

@: no status effects
A: large, unfitting armour, tough skin 1
a: no special abilities


You were on level 3 of the Dungeon.
You visited 1 branch of the dungeon, and saw 3 of its levels.

You collected 31 gold pieces.

Inventory:

Hand Weapons
 a - a +2 dagger of venom (weapon)
Armour
 c - a +0 robe (worn)
Jewellery
 f - a ring of protection from fire (left hand)
Scrolls
 d - a scroll of teleportation {unknown}
 e - a scroll of acquirement {unknown}
Potions
 b - a potion of lignification {unknown}


   Skills:
 - Level 1.7 Dodging
 - Level 1.4 Stealth
 * Level 3.4 Spellcasting
 + Level 1.5 Conjurations
 * Level 3.4 Fire Magic


You had 2 spell levels left.
You knew the following spells:

 Your Spells              Type           Power      Damage    Failure   Level
a - Foxfire               Conj/Fire      48%        2x1d6     5%          1
b - Scorch                Fire           30%        2d6       6%          2
c - Inner Flame           Hex/Fire       9%         N/A       24%         3

Your spell library contained the following spells:

 Spells                   Type           Power      Damage    Failure   Level
 Conjure Flame            Conj/Fire      12%        6-21      17%         3
 Dazzling Flash           Conj/Hex       10%        N/A       34%         3
 Flame Wave               Conj/Fire      12%        2d6       50%         4
 Agony                    Necr           3%         N/A       99%         5
 Silence                  Hex/Air        1%         N/A       99%         5


Dungeon Overview and Level Annotations

Branches:
Dungeon (3/15)

Altars:


Innate Abilities, Weirdness & Mutations

You are too large for most types of armour.
You have tough skin. (AC +1)


Message History

Casting: Scorch (safe; 6% risk of failure)
Confirm with . or Enter, or press ? or * to list all spells.
You can't see any susceptible monsters within range! (Use Z to cast anyway.)
Casting: Scorch (safe; 6% risk of failure)
Confirm with . or Enter, or press ? or * to list all spells.
Flames lash the orc.
The orc is almost dead.
The orc's fire resistance burns away.
You hear a shout! x2
An orc comes into view. It is wielding a +0 club.
Casting: Scorch (safe; 6% risk of failure)
Confirm with . or Enter, or press ? or * to list all spells.
You don't have enough magic to cast this spell.
A ball python and an orc priest come into view.
The orc priest shouts!
The orc closely misses you.
The ball python moves out of view.
You hit the orc.
You kill the orc!
The endoplasm freezes you.
You are frozen.
Things that are here:
a +0 short sword; a scroll labelled TOPISHROMEA; an orc corpse You hit the endoplasm.
The endoplasm is heavily wounded.
The endoplasm freezes you.
You are frozen.
You hit the endoplasm.
You kill the endoplasm!
The orc completely misses you.
The orc priest begins to cast a cantrip, but forgets the words!
You hear the rusting of a very distant drain.
You see here an adder corpse.
The orc priest calls down the wrath of Beogh upon you.
Beogh smites you!
* * * LOW HITPOINT WARNING * * *
The orc hits you with a +0 club.
* * * LOW HITPOINT WARNING * * *
The orc priest mumbles some strange prayers to Beogh against you.
Beogh smites you!
You die...

########
#......#######
#.####........
#.# #####.###
#.# #.#
#####.# #.#
#.....# #.#
#.##### #†###
#@# #.... #o#
##### #.# #.#
#o# # #S# .#
#.# .# #.# .#
#.# .#


You could see an orc priest, an orc and a ball python.

Vanquished Creatures
  3 adders
  An orc (D:3)
  4 bats
  2 endoplasms (D:3)
  3 goblins
  4 hobgoblins
  2 kobolds
  3 ball pythons (D:1)
  2 frilled lizards (D:1)
  3 rats
27 creatures vanquished.

Vanquished Creatures (others)
  10 foxfires (D:1)
10 creatures vanquished.

Grand Total: 37 creatures vanquished

Notes
Turn   | Place    | Note
-------+----------+-------------------------------------------
     0 | D:1      | Zeld the Ogre Fire Elementalist began the quest for the
                  | Orb.
     0 | D:1      | Reached XP level 1. HP: 16/16 MP: 3/3
    25 | D:1      | Reached skill level 1 in Conjurations
   214 | D:1      | Reached XP level 2. HP: 14/24 MP: 5/5
   791 | D:2      | Reached XP level 3. HP: 31/31 MP: 5/7
   794 | D:2      | Learned a level 2 spell: Scorch
   798 | D:2      | Learned a level 3 spell: Inner Flame
  1200 | D:3      | Killed from afar by an orc priest

Illustrated notes

Levels and vault maps discovered:
D:1:      mrwooster_arrival_statue, layout_rooms
D:2:      layout_loops_corners
D:3:      layout_loops_ring, mainiacjoe_overflow_alcove_2,
          gup_sewer_entry_bubbles

Skill      XL: |  1  2 |
---------------+-------+-----
Conjurations   | 1 |  1.5
Fire Magic     | 3 |  3.4
Spellcasting   | 3 |  3.4
Dodging        | |  1.7
Stealth        | |  1.4

Action                   || total
-------------------------++-------
Melee: Dagger            ||    43
 Cast: Foxfire           ||     7
       Scorch            ||     9
Armor: Robe              ||    18
Dodge: Dodged            ||    24
